 Dungeon Crawl Stone Soup version 0.31-a0-557-g6e16503903 (webtiles) character file.

Game seed: 3236100696686816675

260301 gruber the Metallomancer (level 19, -64/124 HPs)
             Began as a Gargoyle Earth Elementalist on Aug 11, 2023.
             Was the Champion of Vehumet.
             Blown up by a lich (93 damage)
             ... with an orb of destruction
             ... on level 2 of the Depths on Aug 16, 2023.
             The game lasted 01:51:57 (49047 turns).

gruber the Metallomancer (GrEE)                    Turns: 49047, Time: 01:51:58

Health: -64/124    AC: 29    Str: 15    XL:     19   Next: 92%
Magic:  20/38      EV: 19    Int: 27    God:    Vehumet [******]
Gold:   3161       SH:  6    Dex: 15    Spells: 12/48 levels left

rFire   + + .        I - staff "Sil Jops" {rC+ Dex+2 Fire Ice}
rCold   + + +        R - +1 buckler of Plog {Int+3 Dex+3}
rNeg    + . .        Y - +2 leather armour {rC+ rF+}
rPois   ∞            X - +2 hat {Stlth+}
rElec   +            n - scarf {rC+ rF+}
rCorr   .            V - +2 pair of gloves {Str+3}
SInv    .            W - +1 pair of boots
Will    +....        d - amulet of magic regeneration
Stlth   +++          h - +5 ring of evasion
HPRegen 0.40/turn    M - ring of wizardry
MPRegen 0.66/turn

%: wizardry (x1)
@: flying
A: sickness immunity, AC +14, big wings, negative energy resistance 1,
electricity resistance, torment resistance 1, petrification resistance
}: 2/15 runes: decaying, gossamer
a: Renounce Religion


You were on level 2 of the Depths.
You worshipped Vehumet.
Vehumet was exalted by your worship.
You visited 6 branches of the dungeon, and saw 32 of its levels.
You also visited: Ossuary and Ice Cave.

You collected 3317 gold pieces.
You spent 156 gold pieces at shops.

Inventory:

Hand Weapons
 k - a +1 eveningstar of protection
 J - a +1 vampiric lajatang
 N - a +4 scimitar of flaming
Missiles
 D - 34 poisoned darts
 H - 5 curare-tipped darts
 P - 2 throwing nets
Armour
 n - a scarf of resistance (worn)
 v - a +0 tower shield
 R - the +1 buckler of Plog (worn) {Int+3 Dex+3}
   (You found it on level 4 of the Swamp)

   Int+3:     It affects your intelligence (+3).
   Dex+3:     It affects your dexterity (+3).
 V - a +2 pair of gloves of strength (worn)
 W - a +1 pair of boots (worn)
 X - a +2 hat of stealth (worn)
 Y - a +2 leather armour of resistance (worn)
Magical Staves
 I - the staff "Sil Jops" (weapon) {rC+ Dex+2 Fire Ice}
   (You found it on level 9 of the Dungeon)

   [staff of cold]

   Base accuracy: +5 Base damage: 5 Base attack delay: 1.2 This weapon's minimum
   attack delay (0.6) is reached at skill level 12.
   Dex+2:     It affects your dexterity (+2).
   rC+:       It protects you from cold.
   Fire:      It increases the power of your Fire spells.
   Ice:       It increases the power of your Ice spells.
   It falls into the 'Staves' category.
   It is a one-handed weapon.
Jewellery
 d - an amulet of magic regeneration (around neck)
 e - an amulet of regeneration
 h - a +5 ring of evasion (left hand)
 G - a ring of see invisible
 M - a ring of wizardry (right hand)
Wands
 g - a wand of digging (5)
 o - a wand of quicksilver (17)
 y - a wand of mindburst (16)
 z - a wand of polymorph (2)
 A - a wand of roots (37)
 E - a wand of flame (99)
 F - a wand of charming (32)
Scrolls
 b - 13 scrolls of teleportation
 c - 14 scrolls of revelation
 j - 2 scrolls of identify
 x - 2 scrolls of poison
 L - 2 scrolls of blinking
 O - 4 scrolls of fog
 Q - 2 scrolls of silence
 T - a scroll of butterflies
 U - 3 scrolls of fear
Potions
 a - 2 potions of attraction
 f - 7 potions of might
 l - 5 potions of lignification
 m - 6 potions of berserk rage
 p - 15 potions of curing
 r - 8 potions of enlightenment
 s - 2 potions of invisibility
 u - 10 potions of heal wounds
 w - 2 potions of cancellation
 B - 8 potions of haste
 C - 3 potions of ambrosia
 K - 4 potions of brilliance
 S - a potion of mutation
 Z - 3 potions of resistance


   Skills:
 - Level 15.0 Fighting
 - Level 14.0 Armour
 - Level 7.0 Dodging
 - Level 2.1 Stealth
 - Level 5.0 Shields
 - Level 15.0 Spellcasting
 - Level 15.0 Conjurations
 - Level 5.0 Necromancy
 - Level 0.9 Transmutations
 - Level 5.1 Ice Magic
 * Level 22.4 Earth Magic


You had 12 spell levels left.
You knew the following spells:

 Your Spells              Type           Power      Damage    Failure   Level
a - Sandblast             Erth           100%       2d20      0%          1
b - Stone Arrow           Conj/Erth      100%       3d13      0%          3
c - Borgnjor's Vile Clut  Necr/Erth      38%        N/A       1%          5
d - Iskenderun's Mystic   Conj/Tloc      57%        2d12      1%          4
e - Freezing Cloud        Conj/Ice/Air   35%        6-21      1%          5
f - Lee's Rapid Deconstr  Erth           48%        3d23*     0%          5
g - Petrify               Tmut/Erth      70%        N/A       1%          4
h - Shatter               Erth           48%        3d37*     4%          9

Your spell library contained the following spells:

 Spells                   Type           Power      Damage    Failure   Level
 Lehudib's Crystal Spear  Conj/Erth      44%        10d11     1%          8
 Fire Storm               Conj/Fire      37%        8d9       100%        9
 Magic Dart               Conj           100%       1d8       0%          1
 Necrotise                Necr           100%       1d9       1%          1
 Passwall                 Tmut/Erth      58%        N/A       1%          2
 Poisonous Vapours        Pois/Air       40%        N/A       1%          2
 Dazzling Flash           Conj/Hex       100%       N/A       1%          3
 Hailstorm                Conj/Ice       84%        3d17      1%          3
 Mephitic Cloud           Conj/Pois/Air  47%        N/A       1%          3
 Vampiric Draining        Necr           47%        2d9       1%          3
 Dispel Undead            Necr           47%        3d18      1%          4
 Orb of Destruction       Conj           40%        9d11      1%          7
 Call Imp                 Summ           40%        N/A       2%          2
 Lesser Beckoning         Tloc           40%        N/A       2%          2
 Gell's Gravitas          Tloc           20%        N/A       4%          3
 Summon Guardian Golem    Hex/Summ       20%        N/A       4%          3
 Teleport Other           Tloc           20%        N/A       4%          3
 Anguish                  Hex/Necr       16%        N/A       6%          4
 Summon Ice Beast         Ice/Summ       50%        N/A       6%          4
 Agony                    Necr           47%        N/A       6%          5
 Cause Fear               Hex            10%        N/A       16%         4
 Spellforged Servitor     Conj/Summ      28%        N/A       16%         7
 Death Channel            Necr           23%        N/A       28%         6
 Simulacrum               Ice/Necr       31%        N/A       28%         6
 Alistair's Intoxication  Tmut/Pois      14%        N/A       32%         5
 Ozocubu's Refrigeration  Ice            32%        4d14      36%         7
 Silence                  Hex/Air        10%        N/A       38%         5
 Eringya's Noxious Bog    Tmut/Pois      11%        4d6       41%         6
 Dispersal                Tloc           10%        N/A       90%         6
 Haunt                    Necr/Summ      16%        N/A       98%         7
 Enfeeble                 Hex            10%        N/A       100%        7
 Malign Gateway           Summ/Tloc      10%        N/A       100%        7
 Borgnjor's Revivificati  Necr           23%        N/A       100%        8
 Summon Horrible Things   Summ           10%        N/A       100%        8
 Death's Door             Necr           23%        N/A       100%        9
 Polar Vortex             Ice            32%        12d4*     100%        9
 Cigotuvi's Dreadful Rot  Necr/Pois/Air  Unusable   N/A       N/A         2

Dungeon Overview and Level Annotations

Branches:
Dungeon (15/15)            Temple (0/1) D:5            Lair (5/5) D:9
  Swamp (4/4) Lair:3       Spider (4/4) Lair:3        Slime (0/5) Lair:4
    Orc (2/2) D:12            Elf (0/3) Orc:2        Vaults (0/5) D:14
 Depths (2/4) D:15        Ossuary (visited)           IceCv (visited)

Altars:
Cheibriados
Elyvilon
Fedhas
Gozag
Kikubaaqudgha
Makhleb
Nemelex Xobeh
Okawaru
Qazlal
Trog
Vehumet

Shops:
D:5 :   Orc:2 ((?!

Portals:
Hell: Depths:1

Annotations:
D:10 3 runed translucent doors, Xoff's ghost, journeyman GnCj
D:11 2 transporters, gruber's ghost, journeyman DsIE
Spider:1 2 runed translucent doors, bmj180's ghost, adept MfIE
Orc:2 3 runed translucent doors, Zgarb's ghost, journeyman VSBr


Innate Abilities, Weirdness & Mutations

You are immune to sickness and miasma.
Your stone body is resilient. (AC +14)
You are immune to poison.
Your large and strong wings let you fly.
You resist negative energy. (rN+)
You are resistant to electric shocks. (rElec)
You are resistant to unholy torment.
You are immune to petrification.


Message History

You kill the ice dragon!
Vehumet accepts your kill.
The ice dragon scales are intact enough to wear.
Vehumet accepts your kill.
You feel your power returning.
Reactivating autopickup.
You feel a bit more experienced.
Ka-crash!
You hear a shout! x3
The spectral caustic shrike claws you but does no damage.
A frost giant comes into view.
It is wielding a +1 battleaxe of freezing.
The spectral caustic shrike closely misses you.
Something conjures a glowing orb.
You hear a shout!
An orb of destruction comes into view.
Unknown command.
Casting: Shatter (dangerous; 4% risk of failure)
Confirm with . or Enter, or press ? or * to list all spells.
The dungeon rumbles!
The spectral caustic shrike is heavily damaged.
The ice dragon is almost dead.
Vehumet accepts your kill.
You feel your power returning.
You feel a bit more experienced.
The frost giant is heavily wounded.
Ka-crash!
You hear a horrible gurgling sound!
You hear a deafening roar!
You hear a shout!
The spectral caustic shrike claws you but does no damage.
The spectral caustic shrike completely misses you.
Unknown command.
Unknown command.
Unknown command.
Casting: Shatter (dangerous; 4% risk of failure)
Confirm with . or Enter, or press ? or * to list all spells.
The dungeon rumbles!
The spectral caustic shrike is severely damaged.
You kill the frost giant!
Vehumet accepts your kill.
You feel your power returning.
Ka-crash!
You hear a shout! x2; You hear two shouts!
The orb of destruction hits you!!!!
Ouch! That really hurt!
You die...

#.....[...........#
..<...........#.##
............)##..#
...............#.#
......).........#
####..#...[...##
......).D.#
.#.....Z☼.#
#...##@# #.#. #...#
#..# ##..# ### .#.#
##.# #


You could see an ice dragon and a spectral caustic shrike.

Vanquished Creatures
  Arachne (Spider:4)
  A lich (Depths:2)
  Frances (Swamp:2)
  Agnes (Spider:2)
  A sphinx (D:14)
  Roxanne (D:14)
  2 thorn hunters (Swamp:4)
  Donald (Swamp:3)
  2 fenstrider witches
  3 frost giants (Depths:2)
  8 emperor scorpions
  2 fire giants (Depths:1)
  2 ghost moths
  Louise (Swamp:2)
  3 broodmothers
  An orc warlord (Orc:1)
  Nessos (D:14)
  A stone giant (D:15)
  2 eleionomae
  3 bunyips
  Azrael (D:14)
  2 spark wasps
  Snorg (Orc:1)
  An ettin (Depths:2)
  2 blizzard demons (IceCv)
  10 entropy weavers
  2 shambling mangroves (Swamp:1)
  A caustic shrike simulacrum (IceCv)
  37 hydras
  A spriggan air mage (Depths:2)
  4 ice dragons
  3 catoblepae (Lair:5)
  3 radroaches
  3 jorogumos
  5 ogre magi
  2 rakshasas
  4 centaur warriors
  6 boulder beetles
  9 alligators
  10 death yaks
  26 two-headed ogres
  2 hell hogs (Depths:1)
  2 deep troll earth magi (Depths:2)
  A deep troll shaman (Depths:1)
  9 demonic crawlers
  A tengu warrior (D:15)
  An orc high priest (Orc:1)
  Urug (Lair:5)
  2 hell knights (Depths:1)
  A spriggan berserker (Depths:2)
  Sonja (D:13)
  3 sun demons
  A soul eater (Depths:1)
  2 skysharks
  7 pharaoh ants
  A sixfirhy (Depths:2)
  A sun moth (Spider:4)
  6 deep trolls
  4 goliath frogs
  3 bog bodies
  16 orb spiders
  15 swamp dragons
  2 spriggan druids (Swamp:2)
  2 wizards (Depths:2)
  A phantasmal warrior (D:14)
  An obsidian statue (IceCv)
  8 spriggan simulacra (IceCv)
  8 steelbarb worms
  A necromancer (Lair:5)
  Pikel (D:6)
  12 ugly things
  A will-o-the-wisp (Swamp:3)
  6 cyclopes
  25 wolf spiders
  3 orc sorcerers
  A moth of wrath (Spider:4)
  4 elephants (Lair:5)
  3 manticores
  Joseph (D:8)
  11 cane toads
  6 black mambas
  5 torpor snails
  3 smoke demons
  2 hellions (Depths:1)
  An unseen horror (D:11)
  2 efreet
  Psyche (D:8)
  2 kobold demonologists (D:10)
  3 rime drakes
  3 freezing wraiths (IceCv)
  A tengu conjurer (D:13)
  An anaconda simulacrum (IceCv)
  11 komodo dragons
  7 ice devils (IceCv)
  2 bloated husks
  6 meliai
  5 trolls
  7 tyrant leeches
  12 hornets
  28 blink frogs
  15 tarantellas
  23 jumping spiders
  17 slime creatures
  2 vampires
  69 yaks
  9 spriggans
  3 dire elephant simulacra (IceCv)
  A shadow (D:10)
  12 culicivoras
  2 wraiths
  8 wyverns
  3 steam dragons
  Grum (D:8)
  3 fire elementals (D:14)
  60 redbacks
  7 basilisks
  11 vampire mosquitoes
  7 minotaur simulacra (IceCv)
  18 swamp worms
  9 wargs
  A harpy simulacrum (IceCv)
  3 hell hounds (D:14)
  Edmund (D:6)
  Duvessa (D:6)
  2 acid dragons
  2 hydra simulacra (IceCv)
  9 water moccasins
  A sky beast (D:6)
  An ice beast (D:7)
  16 orc warriors
  11 swamp drakes
  2 alligator simulacra (IceCv)
  2 black bears
  An ettin simulacrum (IceCv)
  20 wolves
  29 ogres
  14 centaurs
  A lemure (D:6)
  Blork the orc (D:6)
  5 kobold brigands
  2 elf zombies (Ossuary)
  4 scorpions
  14 bullfrogs
  9 deep troll simulacra (IceCv)
  2 gnoll sergeants
  10 wights
  Dowan (D:6)
  8 killer bees
  4 electric eels
  4 howler monkeys
  6 crimson imps (D:11)
  4 human zombies (Ossuary)
  2 centaur zombies (Ossuary)
  3 hounds (D:5)
  2 jellies (D:6)
  22 orc priests
  28 orc wizards
  2 sleepcaps
  6 iguanas
  2 polar bear simulacra (Lair:5)
  2 yak simulacra (Lair:5)
  5 wolf simulacra (Lair:5)
  2 mummies (Ossuary)
  12 gnolls
  7 adders
  A shadow imp (D:6)
  5 white imps
  4 ufetubi
  An adder zombie (Ossuary)
  2 worms
  3 dart slugs
  77 orcs
  4 ball pythons
  8 bats
  7 endoplasms
  3 giant cockroaches
  6 goblins
  8 hobgoblins
  3 quokkas
  3 frilled lizards
  2 goblin zombies (Ossuary)
  9 hobgoblin zombies (Ossuary)
  28 kobolds
  10 kobold zombies (Ossuary)
  7 orc zombies (Ossuary)
  6 rats
  2 river rat simulacra (Lair:5)
1215 creatures vanquished.

Vanquished Creatures (collateral kills)
  A ghost moth (Spider:2)
  A demonic crawler (Spider:2)
  A steelbarb worm (Spider:2)
  A moth of wrath (Spider:2)
  A jumping spider (Spider:2)
5 creatures vanquished.

Vanquished Creatures (others)
  2 bunyips (Swamp:3)
  2 wolf spiders
  An efreet (D:11)
  3 bloated husks
  A centaur (D:13)
  An orc wizard (D:9)
  2 foxfires (Swamp:3)
12 creatures vanquished.

Grand Total: 1232 creatures vanquished

Notes
Turn   | Place    | Note
-------+----------+-------------------------------------------
     0 | D:1      | gruber the Gargoyle Earth Elementalist began the quest for
                  | the Orb.
     0 | D:1      | Reached XP level 1. HP: 10/10 MP: 3/3
   172 | D:1      | Reached skill level 4 in Earth Magic
   180 | D:1      | Reached XP level 2. HP: 15/15 MP: 1/5
   924 | D:2      | Reached skill level 5 in Earth Magic
   924 | D:2      | Reached XP level 3. HP: 19/19 MP: 4/6
  1316 | D:2      | Reached XP level 4. HP: 22/24 MP: 0/7
  1420 | D:2      | Learned a level 3 spell: Stone Arrow
  1632 | D:2      | Reached skill level 6 in Earth Magic
  2031 | D:3      | Found a faded altar of an unknown god.
  2032 | D:3      | Noticed a golden eye
  2033 | D:3      | Noticed an eye of devastation
  2034 | D:3      | Noticed a golden eye
  2034 | D:3      | Noticed a floating eye
  2758 | D:3      | Found a radiant altar of Vehumet.
  2863 | D:3      | Became a worshipper of Vehumet
  2978 | D:4      | Reached XP level 5. HP: 19/28 MP: 4/8
  2986 | D:4      | Reached skill level 7 in Earth Magic
  3171 | D:4      | Reached skill level 8 in Earth Magic
  3171 | D:4      | Reached XP level 6. HP: 32/32 MP: 5/9
  3671 | D:4      | Reached * piety under Vehumet
  3671 | D:4      | Offered knowledge of Freeze by Vehumet.
  3917 | D:4      | Found a snail-covered altar of Cheibriados.
  4288 | D:4      | Reached skill level 9 in Earth Magic
  4382 | D:5      | Entered Level 5 of the Dungeon
  4387 | D:5      | Reached skill level 1 in Conjurations
  4387 | D:5      | Reached XP level 7. HP: 36/36 MP: 8/10
  4405 | D:5      | Found a staircase to the Ecumenical Temple.
  4448 | D:5      | Found a white marble altar of Elyvilon.
  4476 | D:5      | Found a stormy altar of Qazlal.
  4570 | D:5      | Found Dest's Tiny Tomes.
  4598 | D:5      | Bought the Secrets of Despicable Rituals for 156 gold
                  | pieces
  4604 | D:5      | Learned a level 5 spell: Borgnjor's Vile Clutch
  4823 | D:5      | Offered knowledge of Foxfire by Vehumet.
  4825 | D:5      | Reached ** piety under Vehumet
  4826 | D:5      | Reached skill level 5 in Conjurations
  4827 | D:5      | Reached XP level 8. HP: 41/41 MP: 7/11
  4972 | D:5      | Found an opulent altar of Gozag.
  5170 | D:6      | Noticed a yak
  5171 | D:6      | Noticed a yak
  5171 | D:6      | Noticed a yak
  5171 | D:6      | Noticed a yak
  5172 | D:6      | Noticed a yak
  5173 | D:6      | Noticed a yak
  5194 | D:5      | Killed a yak
  5195 | D:5      | Reached skill level 10 in Earth Magic
  5774 | D:6      | Reached skill level 11 in Earth Magic
  5794 | D:6      | Reached skill level 1 in Armour
  6063 | D:6      | Noticed Pikel
  6094 | D:6      | Killed Pikel
  6094 | D:6      | Offered knowledge of Dazzling Flash by Vehumet.
  6095 | D:6      | Reached XP level 9. HP: 45/45 MP: 6/12
  6152 | D:6      | Noticed Edmund
  6161 | D:6      | Killed Edmund
  6310 | D:6      | Noticed Blork the orc
  6317 | D:6      | Killed Blork the orc
  6381 | D:6      | Noticed Duvessa
  6382 | D:6      | Noticed Dowan
  6387 | D:6      | Killed Duvessa
  6389 | D:6      | Killed Dowan
  6390 | D:6      | Reached skill level 1 in Fighting
  6871 | D:6      | Reached skill level 5 in Fighting
  7087 | D:7      | Reached *** piety under Vehumet
  7088 | D:7      | Reached XP level 10. HP: 61/61 MP: 10/13
  7488 | D:7      | Found a sand-covered staircase.
  7496 | Ossuary  | Entered an ossuary
  7561 | Ossuary  | Offered knowledge of Flame Wave by Vehumet.
  7661 | Ossuary  | Reached **** piety under Vehumet
  7717 | Ossuary  | Offered knowledge of Ignite Poison by Vehumet.
  7853 | D:7      | Found an iron altar of Okawaru.
  7859 | D:7      | Reached skill level 5 in Spellcasting
  8205 | D:8      | Found a sparkling altar of Nemelex Xobeh.
  8413 | D:8      | Noticed Grum
  8421 | D:8      | Killed Grum
  8612 | D:8      | Noticed Joseph
  8623 | D:8      | Killed Joseph
  8623 | D:8      | Noticed Psyche
  8628 | D:8      | Killed Psyche
  8953 | D:8      | Noticed a two-headed ogre
  8962 | D:8      | Killed a two-headed ogre
  8963 | D:8      | Reached XP level 11. HP: 27/66 MP: 9/23
  9172 | D:8      | Noticed a two-headed ogre
  9190 | D:8      | Killed a two-headed ogre
  9732 | D:9      | Identified the staff "Sil Jops" {rC+ Dex+2 Fire Ice}
  9760 | D:9      | Found a blossoming altar of Fedhas.
 10200 | D:9      | Reached ***** piety under Vehumet
 10238 | D:9      | Offered knowledge of Iskenderun's Mystic Blast by Vehumet.
 10239 | D:9      | Reached skill level 12 in Earth Magic
 10732 | D:9      | Found a staircase to the Lair.
 10842 | D:10     | Entered Level 10 of the Dungeon
 10959 | D:10     | You fall into a shaft and drop 1 floor!
 10969 | D:11     | Reached skill level 13 in Earth Magic
 11000 | D:11     | Found a transporter.
 11000 | D:11     | Noticed gruber's ghost (journeyman DsIE)
 11021 | D:11     | Reached skill level 1 in Necromancy
 11023 | D:11     | Noticed a centaur warrior
 11035 | D:11     | Killed a centaur warrior
 11039 | D:11     | Noticed a manticore
 11484 | D:10     | Found a runed translucent gate.
 11484 | D:10     | Found a runed translucent gate.
 11484 | D:10     | Found a runed translucent gate.
 11558 | D:10     | Found a burning altar of Makhleb.
 11632 | D:10     | Reached skill level 5 in Necromancy
 11632 | D:10     | Reached XP level 12. HP: 71/71 MP: 23/25
 11637 | D:10     | Reached skill level 1 in Shields
 11894 | D:10     | Noticed a two-headed ogre
 11901 | D:10     | Killed a two-headed ogre
 11902 | D:10     | Reached skill level 5 in Shields
 12334 | D:10     | Found a bloodstained altar of Trog.
 12457 | D:10     | Noticed Xoff's ghost (journeyman GnCj)
 12464 | D:10     | Learned a level 4 spell: Iskenderun's Mystic Blast
 12475 | D:11     | Noticed a two-headed ogre
 12486 | D:10     | Killed a two-headed ogre
 12974 | D:11     | Found a transporter.
 13340 | D:12     | Noticed a five-headed hydra
 13346 | D:12     | Killed a five-headed hydra
 13347 | D:12     | Reached skill level 5 in Dodging
 13512 | D:12     | Noticed a two-headed ogre
 13540 | D:12     | Killed a two-headed ogre
 13737 | D:12     | Noticed a two-headed ogre
 13741 | D:12     | Killed a two-headed ogre
 13894 | D:12     | Noticed a two-headed ogre
 13899 | D:12     | Killed a two-headed ogre
 14002 | D:12     | Found a staircase to the Orcish Mines.
 14712 | D:12     | Reached XP level 13. HP: 75/75 MP: 24/26
 14993 | D:13     | Noticed Sonja
 15001 | D:13     | Killed Sonja
 15008 | D:13     | Reached skill level 14 in Earth Magic
 15740 | D:13     | Reached skill level 15 in Earth Magic
 16128 | Lair:1   | Entered Level 1 of the Lair of Beasts
 16497 | Lair:1   | Reached skill level 16 in Earth Magic
 17675 | Lair:2   | You fall into a shaft and drop 1 floor!
 17715 | Lair:3   | Identified the +0 hand axe "Soerhijy" {venom, Will+ Str+2}
 18369 | Lair:2   | Reached skill level 10 in Fighting
 18577 | Lair:2   | Gained mutation: Your large and strong wings let you fly.
                  | [Gargoyle growth]
 18577 | Lair:2   | Reached XP level 14. HP: 88/88 MP: 27/27
 19822 | Lair:3   | Found a hole to the Spider Nest.
 19935 | Lair:3   | Reached skill level 10 in Armour
 20705 | Lair:3   | Found a staircase to the Swamp.
 20987 | Lair:4   | Learned a level 5 spell: Freezing Cloud
 20995 | Lair:4   | Reached skill level 10 in Conjurations
 21078 | Lair:4   | Reached skill level 1 in Ice Magic
 21318 | Lair:4   | Found a staircase to the Slime Pits.
 22387 | Lair:5   | Entered Level 5 of the Lair of Beasts
 22545 | Lair:5   | Reached skill level 5 in Ice Magic
 22737 | Lair:5   | Reached skill level 10 in Spellcasting
 22889 | Lair:5   | Offered knowledge of Arcjolt by Vehumet.
 23622 | Lair:5   | Reached XP level 15. HP: 66/92 MP: 27/30
 23770 | Lair:5   | Noticed Urug
 23778 | Lair:5   | Killed Urug
 24990 | Orc:1    | Entered Level 1 of the Orcish Mines
 25121 | Orc:1    | Noticed an orc warlord
 25163 | Orc:1    | Killed an orc warlord
 25510 | Orc:2    | Entered Level 2 of the Orcish Mines
 25738 | Orc:2    | Found a staircase to the Elven Halls.
 25807 | Orc:2    | Reached ****** piety under Vehumet
 25956 | Orc:2    | Offered knowledge of Leda's Unmaking by Vehumet.
 26679 | Orc:2    | Reached skill level 15 in Conjurations
 26815 | Orc:2    | Paralysed by an ogre mage for 4 turns
 26938 | Orc:2    | Found Afall's Weapon Emporium.
 26938 | Orc:2    | Found Poafereo's Weapon Shop.
 26939 | Orc:2    | Found Pevabup's Magic Scroll Shop.
 26939 | Orc:2    | Found Hurox's Distillery.
 27075 | Orc:2    | Found a runed translucent gate.
 27076 | Orc:2    | Found a runed translucent gate.
 27077 | Orc:2    | Found a runed translucent gate.
 27079 | Orc:2    | Noticed Zgarb's ghost (journeyman VSBr)
 27259 | Orc:1    | Noticed Snorg
 27267 | Orc:1    | Killed Snorg
 27769 | D:13     | Reached XP level 16. HP: 97/97 MP: 18/31
 27886 | D:13     | Offered knowledge of Lee's Rapid Deconstruction by Vehumet.
 27887 | D:13     | Reached skill level 17 in Earth Magic
 28004 | D:13     | Learned a level 5 spell: Lee's Rapid Deconstruction
 28009 | D:13     | Learned a level 4 spell: Petrify
 28552 | D:14     | Found a frozen archway.
 28560 | IceCv    | Entered an ice cave
 29252 | IceCv    | Reached skill level 18 in Earth Magic
 30408 | IceCv    | Identified the ring of Moral Flaws {rF+ Str-5 Slay+4}
 30486 | D:14     | Reached skill level 19 in Earth Magic
 30558 | D:14     | Offered knowledge of Plasma Beam by Vehumet.
 30623 | D:14     | Noticed Nessos
 30629 | D:14     | Killed Nessos
 30752 | D:14     | Noticed a sphinx
 30753 | D:14     | Found a gate to the Vaults.
 30757 | D:14     | Killed a sphinx
 30974 | D:14     | Noticed Roxanne
 30980 | D:14     | Killed Roxanne
 31380 | D:14     | Noticed Azrael
 31385 | D:14     | Killed Azrael
 31867 | D:15     | Entered Level 15 of the Dungeon
 32855 | D:15     | Found a staircase to the Depths.
 33393 | Swamp:1  | Entered Level 1 of the Swamp
 33816 | Swamp:1  | Reached XP level 17. HP: 80/109 MP: 14/32
 34058 | Swamp:1  | Identified a scroll of acquirement
 34061 | Swamp:1  | Acquired an amulet of magic regeneration
 34120 | Swamp:1  | Paralysed by a fenstrider witch for 4 turns
 34655 | Swamp:1  | Upgraded the game from 0.31-a0-523-g071a6c1ffa to
                  | 0.31-a0-544-gceb718ecc6
 34894 | Swamp:2  | Offered knowledge of Conjure Ball Lightning by Vehumet.
 35346 | Swamp:2  | Identified the +3 scale mail of the Hunter {Contam Regen+
                  | Int+8 Dex-4}
 35371 | Swamp:2  | Noticed Frances
 35379 | Swamp:2  | Killed Frances
 35388 | Swamp:2  | Noticed Louise
 35580 | Swamp:2  | Reached skill level 15 in Fighting
 35671 | Swamp:2  | Killed Louise
 36170 | Swamp:3  | Identified the +6 scale mail "Burphoy" {rPois}
 36919 | Swamp:3  | Noticed Donald
 36928 | Swamp:3  | Killed Donald
 37322 | Swamp:4  | Entered Level 4 of the Swamp
 37485 | Swamp:4  | Identified the +1 buckler of Plog {Int+3 Dex+3}
 38236 | Swamp:4  | Reached XP level 18. HP: 96/119 MP: 26/35
 38395 | Swamp:4  | Offered knowledge of Maxwell's Capacitive Coupling by
                  | Vehumet.
 38518 | Swamp:4  | Got a decaying rune of Zot
 39172 | Spider:1 | Entered Level 1 of the Spider Nest
 39428 | Spider:1 | Found a large runed translucent door.
 39429 | Spider:1 | Found a large runed translucent door.
 39430 | Spider:1 | Noticed bmj180's ghost (adept MfIE)
 40025 | Spider:1 | Upgraded the game from 0.31-a0-544-gceb718ecc6 to
                  | 0.31-a0-557-g6e16503903
 40344 | Spider:2 | Noticed Agnes
 40352 | Spider:2 | Killed Agnes
 42172 | Spider:2 | Offered knowledge of Lehudib's Crystal Spear by Vehumet.
 42172 | Spider:2 | Offered knowledge of Fire Storm by Vehumet.
 42172 | Spider:2 | Offered knowledge of Shatter by Vehumet.
 42183 | Spider:2 | Learned a level 9 spell: Shatter
 43197 | Spider:3 | Reached XP level 19. HP: 106/124 MP: 11/37
 43853 | Spider:4 | Entered Level 4 of the Spider Nest
 43945 | Spider:4 | Noticed Arachne
 43947 | Spider:4 | Reached skill level 15 in Spellcasting
 43981 | Spider:4 | Killed Arachne
 45046 | Spider:4 | Reached skill level 20 in Earth Magic
 46655 | Spider:4 | Reached skill level 21 in Earth Magic
 46972 | Spider:4 | Got a gossamer rune of Zot
 47471 | Depths:1 | Entered Level 1 of the Depths
 47491 | Depths:1 | Found an ancient bone altar of Kikubaaqudgha.
 48319 | Depths:1 | Found a gateway to Hell.
 49024 | Depths:2 | Reached skill level 22 in Earth Magic
 49047 | Depths:2 | Blown up by a lich

Illustrated notes

Levels and vault maps discovered:
D:1:      saegor_arrival_under_anarchy, layout_basic, st_stairs_3,
          roderic_lattice_a
D:2:      layout_loops_ring
D:3:      minmay_chambers_of_threes, layout_basic, amcnicky_altar_gilded,
          hellmonk_ecumenical_altar_watching_god
D:4:      layout_loops_corners, cheibrodos_worm_habitat, kennysheep_orc_chapel
D:5:      layout_rooms, mainiacjoe_overflow_tiny_flanked,
          mainiacjoe_overflow_catch_the_wave, minmay_temple_entry_tees,
          nicolae_shop_i_like_small_books_too, reono_crystal_passage
D:6:      cheibrodos_quashed, layout_cave_pods, serial_co_window_serial,
          co_window_paths_a, co_window_paths_a, co_window_corner_a,
          co_window_corner_a, co_window_paths_b, co_window_paths_a,
          co_window_paths_a, co_window_cross_1, co_window_paths_a,
          co_window_unsneaky_path_b, co_window_broadway_b,
          co_window_unsneaky_path_b, glass_columns_b, glass_columns_c,
          glass_columns_a, glass_columns_a, glass_columns_a, uniq_duvessa,
          uniq_edmund, uniq_pikel, uniq_blork_the_orc
D:7:      layout_basic, kennysheep_okawaru_gauntlet, enter_ossuary_1,
          nrook_pool_corridor
D:8:      layout_cave_pods, kennysheep_little_box, minmay_misc_feat_diagonals,
          uniq_joseph, uniq_grum, uniq_psyche
D:9:      layout_roguey, lemuel_doored_altar, erik_lair_dragon,
          kennysheep_generic_room_4
D:10:     layout_basic, demons_altar, trog_hazing_becter,
          ebering_ghost_rock_garden, serial_corexii_hall,
          corexii_hall_statues_s, chequers_hall_statues_corner_a, minmay_between
D:11:     layout_basic, gammafunk_ghost_stat_death, minmay_nine_imps
D:12:     layout_basic, david_orc_3, serial_corexii_hall,
          chequers_hall_statues_corner_a, chequers_hall_statues_wall_a,
          corexii_hall_statues_x, chequers_hall_statues_wall_a,
          corexii_hall_statues_x, chequers_hall_statues_wall_a
D:13:     layout_gridville, minmay_misc_feat_roman, uniq_sonja
D:14:     kennysheep_funnel, layout_loops_ring,
          hellmonk_vaults_attempted_burglary,
          portal_ice_cave_entry_pillars_three, uniq_azrael, uniq_roxanne,
          uniq_nessos
D:15:     grunt_enter_depths_snipers, layout_irregular_city, minivault_19
Lair:1:   layout_cave_pods, grunt_megastairs_1, infiniplex_staircase_pool
Lair:2:   layout_small_grid, grunt_megastairs_4, lemuel_fruit_fields,
          lemuel_fruit_tree, lemuel_fruit_fields
Lair:3:   layout_cave_shapes, palyth_hydra_swamp_entry, spider_nest_entry_a,
          infiniplex_staircase_pool_2
Lair:4:   layout_hall_layers, dpeg_slime_entry_enclosed, serial_bayou_shore_a,
          grunt_megastairs_2
Lair:5:   evilmike_catoblepas_cave, layout_small_grid, enter_volcano_2,
          eino_house_with_fridge, uniq_urug
Swamp:1:  layout_basic_swamp, evilmike_swamp_ruin_house_4, swamp_pool1,
          grunt_hermit_hut
Swamp:2:  layout_basic_swamp, nicolae_swamp_stair_fork, swamp_pool1,
          st_swamp_ruins_4, uniq_louise, uniq_frances
Swamp:3:  layout_basic_swamp, serial_swamp_ruin, evilmike_swamp_ruin_house_5,
          evilmike_swamp_ruin_house_3, swamp_pool5, nicolae_swamp_baby_hydras,
          uniq_donald
Swamp:4:  swamp, layout_basic_swamp, swamp_pool2
Spider:1: layout_spider_delve, ebering_ghost_disaster_area
Spider:2: layout_cave_pods, drop_trap, nicolae_spider_jagged_tunnels, uniq_agnes
Spider:3: layout_spider_delve, hangedman_spider_mandibles
Spider:4: guppyfry_spider_rune, uniq_arachne
Orc:1:    layout_diamond_mine, uniq_snorg
Orc:2:    st_orc_ogre_mass, layout_diamond_mine, gammafunk_ghost_necromancy,
          gauntlet_entry_generic, basic_altar, mines5_lemuel
Depths:1: layout_gridville, hellmouth_2, kiku_gazebo_garden_becter,
          nicolae_houndstooth_variations, firewood_loft
Depths:2: cheibrodos_cascadia, layout_honeycomb, yredelemnul_altar_generic,
          pf_hell_entry_tar_river, enter_trove_3, abyss_entry,
          rand_demon_pan_entry_7, minmay_shop_grove

Skill      XL: |  1  2  3  4  5  6  7  8  9 10 11 12 13 14 15 16 17 18 19 |
---------------+----------------------------------------------------------+-----
Earth Magic    | 4 5 6 8 9 11 13 16 19 22 | 22.4
Conjurations   | 1 5 9 10 15 | 15.0
Armour         | 6 7 10 12 14 | 14.0
Fighting       | 6 10 13 15 | 15.0
Spellcasting   | 8 9 11 13 14 15 | 15.0
Necromancy     | 5 |  5.0
Shields        | 5 |  5.0
Dodging        | 5 7 |  7.0
Ice Magic      | 5 |  5.1
Stealth        | |  2.1
Transmutations | |  0.9

Action                     |  1- 3 |  4- 6 |  7- 9 | 10-12 | 13-15 | 16-18 | 19-21 || total
---------------------------+-------+-------+-------+-------+-------+-------+-------++-------
  Melee: Unarmed           |    18 |       |       |       |       |       |       ||    18
         Short sword       |     5 |       |       |       |       |       |       ||     5
         Dagger            |     4 |    42 |    10 |       |       |       |       ||    56
         Morningstar       |       |       |       |     5 |       |       |       ||     5
         Scimitar          |       |       |       |       |   106 |    25 |       ||   131
         Staff             |       |       |       |       |       |    84 |    12 ||    96
  Throw: Dart              |       |       |       |       |     8 |       |       ||     8
   Cast: Sandblast         |    44 |    98 |   124 |   365 |   546 |   140 |   141 ||  1458
         Stone Arrow       |       |       |     5 |    94 |    96 |   295 |    47 ||   537
         Iskenderun's Myst |       |       |       |     8 |    24 |    25 |     7 ||    64
         Borgnjor's Vile C |       |       |       |     7 |   133 |   235 |    69 ||   444
         Freezing Cloud    |       |       |       |       |    24 |   136 |    43 ||   203
         Lee's Rapid Decon |       |       |       |       |       |   112 |    42 ||   154
         Shatter           |       |       |       |       |       |     5 |    18 ||    23
         Petrify           |       |       |       |       |       |       |     6 ||     6
  Evoke: Wand              |       |       |     2 |     1 |       |     9 |    14 ||    26
    Use: Potion            |       |     1 |       |       |       |       |     2 ||     3
         Scroll            |       |       |       |       |     2 |    23 |     6 ||    31
   Stab: Sleeping          |       |       |       |       |     1 |       |       ||     1
 Armour: Robe              |    26 |    27 |    18 |       |       |       |       ||    71
         Leather armour    |       |       |     9 |    69 |   204 |   222 |   139 ||   643
         Troll leather arm |       |       |       |       |       |    82 |       ||    82
  Dodge: Dodged            |    29 |    81 |    66 |   244 |   608 |   538 |   178 ||  1744
  Block: Buckler           |       |       |       |    27 |   157 |   128 |    69 ||   381

Table legend: (Time is in decaauts)
 A = Elapsed time spent in this place.
 B = Non-inter-level travel time spent in this place.
 C = Inter-level travel time spent in this place.
 D = Time resting spent in this place.
 E = Time spent auto-exploring this place.
 F = Levels seen in this place.
 G = Mean time per level.
                   A        B        C        D        E       F      G
               +--------+--------+--------+--------+--------+-----+--------+
         Total |  49949 |  46695 |   3254 |   3895 |  34676 |  34 | 1469.1 |
       Dungeon |  21058 |  19255 |   1803 |    939 |  15490 |  15 | 1403.9 |
          Lair |   9434 |   8934 |    500 |    352 |   6963 |   5 | 1886.8 |
         Swamp |   5267 |   5033 |    234 |    314 |   3797 |   4 | 1316.8 |
   Spider Nest |   7979 |   7485 |    494 |   2068 |   3970 |   4 | 1994.8 |
  Orcish Mines |   2527 |   2380 |    147 |      5 |   1802 |   2 | 1263.5 |
        Depths |   1411 |   1337 |     74 |    209 |    882 |   2 |  705.5 |
       Ossuary |    362 |    362 |      0 |      0 |    201 |   1 |  362.0 |
      Ice Cave |   1908 |   1908 |      0 |      7 |   1571 |   1 | 1908.0 |
               +--------+--------+--------+--------+--------+-----+--------+

Top non-repeatable levels by time:
Spider:2: 2899 daAuts
Spider:4: 2822 daAuts
  Lair:5: 2478 daAuts
  Lair:2: 2153 daAuts
  Lair:3: 2067 daAuts
    D:12: 1995 daAuts
   IceCv: 1908 daAuts
   Orc:2: 1867 daAuts
    D:13: 1819 daAuts
     D:9: 1805 daAuts
    D:10: 1759 daAuts
    D:14: 1740 daAuts
     D:6: 1709 daAuts
     D:4: 1624 daAuts
    D:15: 1473 daAuts
